 Dungeon Crawl Stone Soup version 0.31-a0-803-g95b03c3367 (webtiles) character file.

Game seed: 17412073897891732469

1093 Maratek the Magician (level 8, -4/56 HPs)
             Began as a Djinni Fire Elementalist on Sept 20, 2023.
             Was a Follower of Dithmenos.
             Shot with an arrow by a centaur (8 damage)
             ... on level 6 of the Dungeon.
             The game lasted 00:13:59 (4915 turns).

Maratek the Magician (Djinni Fire Elementalist)     Turns: 4915, Time: 00:14:00

Health: -4/56      AC:  4    Str:  7    XL:     8   Next: 57%
Gold:   295        EV: 14    Int: 19    God:    Dithmenos [*.....] SH:  0 Dex: 14

rFire   + + +        d - staff of conjuration
rCold   x x .        (no shield)
rNeg    . . .        a - +0 robe
rPois   ∞            (no helmet)
rElec   .            (no cloak)
rCorr   .            l - +1 pair of gloves
SInv    .            (boots unavailable)
Will    +....        n - amulet of regeneration
Stlth   +++          i - ring of fire
HPRegen 1.09/turn    m - ring of willpower
MPRegen 0.00/turn

%: infuse magic (-5 HP)
@: flying, wreathed by umbra
A: sickness immunity, fire resistance 2, cold vulnerability 1, float, innate
caster, HP casting, extra vitality 1
a: Renounce Religion


You were on level 6 of the Dungeon.
You worshipped Dithmenos.
Dithmenos was aware of your devotion.
You visited 2 branches of the dungeon, and saw 7 of its levels.

You collected 295 gold pieces.

Inventory:

Armour
 a - a +0 robe (worn)
 l - a +1 pair of gloves (worn)
Magical Staves
 d - a staff of conjuration (weapon)
Jewellery
 i - a ring of fire (left hand)
 m - a ring of willpower (right hand)
 n - an amulet of regeneration (around neck)
Wands
 j - a wand of mindburst (12)
Scrolls
 e - 3 scrolls of teleportation
 f - a scroll of butterflies
Potions
 b - 3 potions of curing {unknown}
 c - a potion of heal wounds {unknown}
 g - a potion of haste {unknown}
 h - 2 potions of invisibility {unknown}
 k - 2 potions of degeneration {unknown}


   Skills:
 + Level 3.1 Fighting
 + Level 5.3 Dodging
 + Level 4.0 Stealth
 + Level 5.5 Spellcasting
 + Level 5.5 Conjurations
 + Level 5.5 Hexes
 + Level 5.5 Summonings
 + Level 5.5 Necromancy
 + Level 5.5 Translocations
 + Level 5.5 Transmutations
 + Level 5.5 Fire Magic
 + Level 5.5 Ice Magic
 + Level 5.5 Air Magic
 + Level 5.5 Earth Magic
 + Level 5.5 Poison Magic


You knew the following spells:

 Your Spells              Type           Power      Damage    Failure   Level
a - Foxfire               Conj/Fire      100%       2x1d9     1%          1
b - Scorch                Fire           78%        2d8       1%          2
c - Volatile Blastmotes   Fire/Tloc      78%        2d16      3%          3
d - Inner Flame           Hex/Fire       39%        N/A       3%          3
e - Flame Wave            Conj/Fire      56%        2d13      12%         4
f - Shock                 Conj/Air       100%       1d9       1%          1
g - Static Discharge      Conj/Air       78%        2-6/arc   1%          2
h - Gell's Gravitas       Tloc           26%        N/A       3%          3
Your spell library was empty.

Dungeon Overview and Level Annotations

Branches:
Dungeon (6/15)             Temple (1/1) D:4

Altars:
Ashenzari
Cheibriados
Dithmenos
Elyvilon
Fedhas
Gozag
Nemelex Xobeh
Okawaru
Qazlal
Ru
Trog
Uskayaw
Wu Jian
Xom
Zin
The Shining One

Shops:
D:2 [


Innate Abilities, Weirdness & Mutations

You are immune to sickness and miasma.
You are immune to poison.
Your flesh is very heat resistant. (rF++)
You are vulnerable to cold. (rC-)
You float through the air rather than walking.
You learn spells naturally, not from books.
Your magical power is your life essence.
You have superior vitality. (+4 MHP)


Message History

You feel a surge of power!
The zap hits the centaur.
The centaur is moderately wounded.
The centaur shoots an arrow.
The arrow closely misses you.
You feel a surge of power!
The zap hits the centaur.
The centaur is heavily wounded.
The centaur shoots an arrow.
The arrow hits you.
The centaur shoots an arrow.
The arrow hits you!
You feel a surge of power!
The zap hits the centaur but does no damage.
The centaur is heavily wounded.
The centaur shoots an arrow.
The arrow barely misses you.
You feel a surge of power!
The zap hits the centaur.
The centaur is severely wounded.
The centaur shoots an arrow.
The arrow hits you!
You are too injured to fight recklessly!
You are too injured to fight recklessly!
Aiming: Shock (safe; 1% risk of failure)
Press: ? - help, Q - select action, (/) - cycle Shift-Dir - straight line, f/p - centaur
Aim: a centaur, wielding a +0 shortbow (severely wounded, 84% to hit)
You feel a surge of power!
The zap hits the centaur but does no damage.
The centaur is severely wounded.
The centaur shoots an arrow.
The arrow hits you.
Aiming: Shock (safe; 1% risk of failure)
Press: ? - help, Q - select action, (/) - cycle Shift-Dir - straight line, f/p - centaur
Aim: a centaur, wielding a +0 shortbow (severely wounded, 84% to hit)
You feel a surge of power!
The zap hits the centaur.
The centaur is almost dead.
The centaur shoots an arrow.
The arrow hits you!
* * * LOW HITPOINT WARNING * * *
The centaur shoots an arrow.
The arrow hits you!
* * * LOW HITPOINT WARNING * * *
Aiming: Shock (safe; 1% risk of failure)
Press: ? - help, Q - select action, (/) - cycle Shift-Dir - straight line, f/p - centaur
Aim: a centaur, wielding a +0 shortbow (almost dead, 84% to hit)
You feel a surge of power!
The zap hits the centaur.
The centaur is almost dead.
* * * LOW HITPOINT WARNING * * *
The centaur shoots an arrow.
The arrow hits you!
You die...

#...###
#...........
#.###
#........... #.#
#...........
###.####
##..........
#......#
#######..<..
#......# ..##
#..... ##....##
~..P. #.....
~#......#~~P.##
#.....
≈~c.....@)~~~...
#.....
≈≈#......#~≈~~..
#...##
~.###....###.~~.P
#... . ~≈ #......
~)).# ~.......
~... ~#...... P).
##.... ~.. .....


You could see a centaur.

Vanquished Creatures
  A black bear (D:4)
  An ogre (D:4)
  A phantom (D:5)
  A kobold brigand (D:6)
  A bullfrog (D:6)
  3 scorpions
  5 orc priests (D:5)
  2 hounds
  A sleepcap (D:5)
  A gnoll bouda (D:5)
  3 orc wizards
  5 gnolls (D:5)
  4 adders
  A worm (D:3)
  A dart slug (D:3)
  22 orcs
  6 ball pythons
  8 endoplasms
  2 giant cockroaches
  10 goblins
  6 hobgoblins
  2 jackals (D:5)
  11 kobolds
  7 quokkas
  7 bats
  5 frilled lizards
  3 rats
120 creatures vanquished.

Vanquished Creatures (others)
  118 foxfires
118 creatures vanquished.

Grand Total: 238 creatures vanquished

Notes
Turn   | Place    | Note
-------+----------+-------------------------------------------
     0 | D:1      | Maratek the Djinni Fire Elementalist began the quest for
                  | the Orb.
     0 | D:1      | Maratek set off with the following spells memorised:
                  | Foxfire, Scorch, Volatile Blastmotes, Inner Flame, Flame
                  | Wave.
     0 | D:1      | Reached XP level 1. HP: 15/15 MP: 0/0
   200 | D:1      | Reached XP level 2. HP: 16/21 MP: 0/0
   575 | D:1      | Reached XP level 3. HP: 20/25 MP: 0/0
   575 | D:1      | Learned a level 1 spell: Shock
   707 | D:1      | Found a faded altar of an unknown god.
  1336 | D:2      | Found Zonk's Antique Armour Shop.
  1700 | D:3      | Found a stormy altar of Qazlal.
  2255 | D:3      | Reached XP level 4. HP: 27/31 MP: 0/0
  2990 | D:4      | Reached XP level 5. HP: 12/35 MP: 0/0
  2990 | D:4      | Learned a level 2 spell: Static Discharge
  3021 | D:4      | Found a sparkling altar of Nemelex Xobeh.
  3141 | D:4      | Noticed an ogre
  3147 | D:4      | Killed an ogre
  3148 | D:4      | Reached skill level 1 in Fighting
  3148 | D:4      | Reached XP level 6. HP: 39/42 MP: 0/0
  3447 | D:4      | Found a staircase to the Ecumenical Temple.
  3456 | Temple   | Entered the Ecumenical Temple
  3488 | Temple   | Became a worshipper of Dithmenos the Shadowed
  3559 | D:5      | Entered Level 5 of the Dungeon
  3559 | D:5      | Noticed an ogre
  3559 | D:5      | Noticed a black bear
  3568 | D:4      | Killed a black bear
  3569 | D:4      | Reached XP level 7. HP: 10/48 MP: 0/0
  3569 | D:4      | Learned a level 3 spell: Gell's Gravitas
  4038 | D:5      | Reached skill level 5 in Spellcasting
  4038 | D:5      | Reached skill level 5 in Conjurations
  4038 | D:5      | Reached skill level 5 in Hexes
  4038 | D:5      | Reached skill level 5 in Summonings
  4038 | D:5      | Reached skill level 5 in Necromancy
  4038 | D:5      | Reached skill level 5 in Translocations
  4038 | D:5      | Reached skill level 5 in Transmutations
  4038 | D:5      | Reached skill level 5 in Fire Magic
  4038 | D:5      | Reached skill level 5 in Ice Magic
  4038 | D:5      | Reached skill level 5 in Air Magic
  4038 | D:5      | Reached skill level 5 in Earth Magic
  4038 | D:5      | Reached skill level 5 in Poison Magic
  4284 | D:5      | Reached XP level 8. HP: 47/55 MP: 0/0
  4343 | D:5      | Reached * piety under Dithmenos
  4769 | D:6      | Reached skill level 5 in Dodging
  4915 | D:6      | Shot with an arrow by a centaur

Illustrated notes

Levels and vault maps discovered:
D:1:      kilobyte_arrival_exit_the_forest, layout_loops_ring,
          dilly_ecumenical_altar_fadedgnrine
D:2:      layout_loops_cross, serial_shops, shop, minmay_misc_feat_iff
D:3:      layout_basic, grunt_qazlal_sundering
D:4:      layout_rooms, lemuel_tele_altar, minmay_temple_entry_glassed_door
D:5:      layout_basic
D:6:      wad_lake_hut, layout_rooms, lemuel_doored_altar, serial_bayou_lagoon_a
Temple:   nicolae_temple_bog_church

Skill      XL: |  1  2  3  4  5  6  7  8 |
---------------+-------------------------+-----
Spellcasting   | 4 5 |  5.5
Conjurations   | 4 5 |  5.5
Hexes          | 4 5 |  5.5
Summonings     | 4 5 |  5.5
Necromancy     | 4 5 |  5.5
Translocations | 4 5 |  5.5
Transmutations | 4 5 |  5.5
Fire Magic     | 4 5 |  5.5
Ice Magic      | 4 5 |  5.5
Air Magic      | 4 5 |  5.5
Earth Magic    | 4 5 |  5.5
Poison Magic   | 4 5 |  5.5
Stealth        | 2 3 4 |  4.0
Dodging        | 3 4 5 |  5.3
Fighting       | 1 2 3 |  3.1

Action                     |  1- 3 |  4- 6 |  7- 9 || total
---------------------------+-------+-------+-------++-------
  Melee: Staff             |       |       |    12 ||    12
   Cast: Foxfire           |    85 |       |       ||    85
         Shock             |    24 |    99 |   140 ||   263
         Gell's Gravitas   |       |       |     1 ||     1
    Use: Scroll            |       |     7 |     6 ||    13
 Armour: Robe              |    12 |    16 |    39 ||    67
  Dodge: Dodged            |    16 |    12 |    24 ||    52

Table legend: (Time is in decaauts)
 A = Elapsed time spent in this place.
 B = Non-inter-level travel time spent in this place.
 C = Inter-level travel time spent in this place.
 D = Time resting spent in this place.
 E = Time spent auto-exploring this place.
 F = Levels seen in this place.
 G = Mean time per level.
                   A        B        C        D        E       F      G
               +--------+--------+--------+--------+--------+-----+--------+
         Total |   4915 |   4726 |    189 |    256 |   3659 |   7 |  702.1 |
       Dungeon |   4854 |   4723 |    131 |    256 |   3659 |   6 |  809.0 |
        Temple |     60 |      2 |     58 |      0 |      0 |   1 |   60.0 |
               +--------+--------+--------+--------+--------+-----+--------+

Top non-repeatable levels by time:
     D:3: 1223 daAuts
     D:1: 1038 daAuts
     D:5: 881 daAuts
     D:4: 828 daAuts
     D:2: 661 daAuts
     D:6: 221 daAuts
  Temple: 60 daAuts
